 Dungeon Crawl Stone Soup version 0.21.0-3-g78d12a8 (webtiles) character file.

42 tidbits the Sneak (level 3, -11/18 HPs)
             Began as a Vine Stalker Air Elementalist on Jan 10, 2018.
             Was an Initiate of Cheibriados.
             Mangled by Sigmund
             ... wielding a +0 scythe
              (14 damage)
             ... on level 5 of the Dungeon.
             The game lasted 00:04:55 (550 turns).

tidbits the Sneak (Vine Stalker Air Elementalist)    Turns: 550, Time: 00:04:56

Health: -11/18     AC:  2    Str: 12    XL:     3   Next: 56%
Magic:  0/7        EV: 12    Int: 21    God:    Cheibriados [......]
Gold:   83         SH:  0    Dex: 15    Spells: 3/6 levels left

rFire    . . .     SeeInvis .   d - +0 dagger
rCold    . . .     Gourm    .   (no shield)
rNeg     + . .     Faith    .   a - +0 robe
rPois    .         Spirit   +   (no helmet)
rElec    .         Reflect  .   (no cloak)
rCorr    .         Harm     .   (no gloves)
MR       .....                  (no boots)
Stlth    +++.......             (no amulet)
HPRegen  0.06/turn              i - ring of positive energy
MPRegen  0.10/turn              (no ring)

@: brilliant, very slightly contaminated, very slow
A: fangs 2, magic shield, antimagic bite, no potion heal 3, rot immunity
a: Bend Time, Renounce Religion


You were on level 5 of the Dungeon.
You worshipped Cheibriados.
Cheibriados was noncommittal.
You were not hungry.

You visited 1 branch of the dungeon, and saw 5 of its levels.

You collected 83 gold pieces.

Inventory:

Hand Weapons
 d - a +0 dagger (weapon)
 f - a +0 short sword
Missiles
 e - 23 arrows
Armour
 a - a +0 robe (worn)
 l - a +0 plate armour
Jewellery
 i - a ring of positive energy (left hand)
   (You found it on level 3 of the Dungeon)
 n - an uncursed ring of ice
   (You found it on level 5 of the Dungeon)
Scrolls
 h - 2 scrolls of remove curse {unknown}
 k - 2 scrolls of identify {unknown}
 m - a scroll of magic mapping {unknown}
 o - a scroll of blinking {unknown}
Books
 b - a book of Air

   Spells                             Type                      Level
   a - Shock                          Conjuration/Air              1
   b - Swiftness                      Charms/Air                   2
   c - Static Discharge               Conjuration/Air              3
   d - Airstrike                      Air                          4
   e - Lightning Bolt                 Conjuration/Air              5
Comestibles
 c - 3 rations


   Skills:
 + Level 1.6 Fighting
 - Level 1.5 Dodging
 + Level 3.7 Stealth
 - Level 2.1 Spellcasting
 - Level 1.0 Conjurations
 - Level 3.0 Air Magic
 + Level 1.0 Invocations


You had 3 spell levels left.
You knew the following spells:

 Your Spells              Type           Power        Failure   Level  Hunger
a - Shock                 Conj/Air       ###.         1%          1    #......
W - Swiftness             Chrm/Air       ###.....     1%          2    ##.....


Dungeon Overview and Level Annotations

Branches:
Dungeon (5/15)
 Temple: D:4-7

Altars:
Cheibriados

Annotations:
D:3 exclusion: 2 adders
D:5 Sigmund


Innate Abilities, Weirdness & Mutations

You have extremely sharp teeth.
When hurt, damage is shared between your health and your magic reserves.
Your bite disrupts and absorbs the magic of your enemies.
Potions cannot restore your health.
You are immune to rotting.


Message History

Found a robe.
Unknown command.
n - a blackened marble ring Put on which piece of jewellery? (? for menu, Esc to quit)
You feel more attuned to ice.
n - a ring of ice (right hand) Remove which piece of jewellery? (? for menu, Esc to quit)
That's the wrong kind of item! (Use * to select it.) Remove which piece of jewellery? (? for menu, Esc to quit)
Okay, then.
Remove which piece of jewellery? (? for menu, Esc to quit)
You remove your ring of ice.
Found 15 arrows.
Found a dagger.
Found a scroll labeled YRE TOAHUSOSH.
e - 23 arrows (gained 15)
Found a stone staircase leading down.
o - a scroll labeled YRE TOAHUSOSH
Found a scroll labeled AMYUWN URRURR.
Found an escape hatch in the ceiling.
Found a cyan potion.
A worker ant comes into view.
The worker ant twitches its antennae in your direction.
Found a stone staircase leading up.
You see here a scroll labeled AMYUWN URRURR.
It was a potion of curing.
That felt strangely inert.
The worker ant bites you but does no damage.
Casting: Shock
Confirm with . or Enter, or press ? or * to list all spells.
Aiming: Shock
Press: ? - help, Shift-Dir - straight line The zap hits the worker ant.
The worker ant is lightly wounded.
The zap hits the worker ant.
The worker ant appears unharmed.
The worker ant is lightly wounded.
The worker ant completely misses you.
Casting: Shock
Confirm with . or Enter, or press ? or * to list all spells.
Aiming: Shock
Press: ? - help, Shift-Dir - straight line You miscast Shock.
You are very lightly contaminated with residual magic.
You feel a strange surge of energy! The worker ant barely misses you.
Casting: Shock
Confirm with . or Enter, or press ? or * to list all spells.
Aiming: Shock
Press: ? - help, Shift-Dir - straight line The zap misses the worker ant.
The zap hits the worker ant.
The worker ant is heavily wounded.
The worker ant barely misses you. The worker ant closely misses you.
Casting: Shock
Confirm with . or Enter, or press ? or * to list all spells.
Aiming: Shock
Press: ? - help, Shift-Dir - straight line You miscast Shock.
Sparks fly from your hands! The worker ant bites you!
Casting: Shock
Confirm with . or Enter, or press ? or * to list all spells.
Aiming: Shock
Press: ? - help, Shift-Dir - straight line The zap hits the worker ant.
The worker ant appears unharmed.
The worker ant is heavily wounded.
The zap hits the worker ant.
The worker ant is heavily wounded.
The worker ant closely misses you.
It was a potion of brilliance.
You feel clever all of a sudden. The worker ant bites you.
* * * LOW HITPOINT WARNING * * *
Unknown command.
You hit the worker ant. You bite the worker ant. You drain its power.
You feel invigorated.
The worker ant is almost dead.
You hear the slow rusting of a distant drain.
The worker ant barely misses you.
Casting: Shock
Confirm with . or Enter, or press ? or * to list all spells.
Aiming: Shock
Press: ? - help, Shift-Dir - straight line The zap hits the worker ant.
You kill the worker ant!
Cheibriados thoroughly appreciates the change of pace.
Your Invocations skill increases to level 1!
You have reached level 3!
Your experience leads to an increase in your attributes!
Your base attributes are Str 10, Int 15, Dex 14.
Increase (S)trength, (I)ntelligence, or (D)exterity?
You feel stronger.
k - 2 scrolls labeled AMYUWN URRURR (gained 1)
A worker ant and Sigmund come into view.
Sigmund shouts!
The worker ant twitches its antennae in your direction.
You aren't carrying any potions.
Unknown command.
Okay, then.
There is an escape hatch in the ceiling here.
The worker ant bites you!
* * * LOW HITPOINT WARNING * * *
Sigmund hits you from afar with a scythe!
Ouch! That really hurt!
You die...

#.....####.#
####...#)##.#
#.# ######
#....#.#.##.#
#.# .....#
####[....##.##
#.# .....#
#.###.##..###.#
.....#
#.........#...#
....!#
##....###...#.#
.....# #....#
#...#.##.....##
#....#
#...#@a@.....<#
......#
#.#.#.##.....##
###...##
#.....# .....#
#... ####..#
.....# ####
#....># .....#
#.##### ######
#. .. .#


You could see Sigmund and a worker ant.

Vanquished Creatures
  A worker ant (D:5)
  An adder skeleton (D:5)
  A dart slug (D:3)
  A ball python (D:4)
  3 bats
  2 goblins
  A hobgoblin (D:1)
  A kobold (D:1)
  2 quokkas (D:3)
  A frilled lizard (D:4)
  A rat (D:1)
15 creatures vanquished.

Notes
Turn   | Place    | Note
-------+----------+-------------------------------------------
     0 | D:1      | tidbits the Vine Stalker Air Elementalist began the quest for the Orb.
     0 | D:1      | Reached XP level 1. HP: 9/9 MP: 4/4
   139 | D:1      | Reached XP level 2. HP: 12/14 MP: 4/6
   145 | D:1      | Learned a level 2 spell: Swiftness
   151 | D:2      | Reached skill level 3 in Stealth
   180 | D:3      | Found a snail-covered altar of Cheibriados.
   187 | D:3      | Reached skill level 1 in Fighting
   193 | D:3      | Became a worshipper of Cheibriados the Contemplative
   300 | D:4      | Noticed a big kobold
   494 | D:5      | Entered Level 5 of the Dungeon
   538 | D:5      | Reached skill level 1 in Invocations
   538 | D:5      | Reached XP level 3. HP: 9/18 MP: 0/7
   547 | D:5      | Noticed Sigmund
   550 | D:5      | Mangled by Sigmund

Skill      XL: |  1  2 |
---------------+-------+-----
Stealth        | 3 |  3.7
Fighting       | 1 |  1.6
Invocations    | 1 |  1.0
Dodging        | |  1.5
Spellcasting   | |  2.1
Conjurations   | |  1.0
Air Magic      | |  3.0

Action                   || total
-------------------------++-------
Melee: Dagger            ||     9
       Bite              ||     4
 Cast: Shock             ||    19
  Use: Potion            ||     2
 Stab: Sleeping          ||     4
Armor: Robe              ||     2
Dodge: Dodged            ||     9

Table legend:
 A = Turns spent in this place as a percentage of turns spent in the entire game.
 B = Non-inter-level travel turns spent in this place as a percentage of non-inter-level travel turns spent in the entire game.
 C = Inter-level travel turns spent in this place as a percentage of turns spent in this place.
 D = Turns resting spent in this place as a percentage of non-inter-level travel turns spent in this place.
 E = Turns spent auto-exploring this place as a percentage of non-inter-level travel turns spent in this place.
 F = Non-inter-level travel turns spent in this place divided by the number of levels of this place that you've seen.
                   A       B       C       D       E      F
               +-------+-------+-------+-------+-------+----------------------
         Total | 100.0 | 100.0 |   4.2 |   0.0 |   0.0 | 105.4
       Dungeon | 100.0 | 100.0 |   4.2 |   0.0 |   0.0 | 105.4
               +-------+-------+-------+-------+-------+----------------------

Table legend:
 A = Kills in this place as a percentage of kills in entire the game.
 B = Kills by you in this place as a percentage of kills by you in the entire game.
 C = Kills by friends in this place as a percentage of kills by friends in the entire game.
 D = Other kills in this place as a percentage of other kills in the entire game.
 E = Experience gained in this place as a percentage of experience gained in the entire game.
 F = Experience gained in this place divided by the number of levels of this place that you have seen.
                   A       B       C       D       E      F
               +-------+-------+-------+-------+-------+----------------------
         Total | 100.0 | 100.0 |   N/A |   N/A | 100.0 |  12.2
       Dungeon | 100.0 | 100.0 |   N/A |   N/A | 100.0 |  12.2
               +-------+-------+-------+-------+-------+----------------------

Vault maps used:
D:1:      dpeg_arrival_boxes_within_box
D:2:      lemuel_coloured_pillars_altar, lemuel_doored_altar,
          minmay_heptomino_d4, uniq_terence
D:3:      okawaru_altar_gauntlet_db, first_ration, kennysheep_big_empty_room,
          kennysheep_slug_shrine, uniq_crazy_yiuf_cottage
D:5:      nicolae_overflow_crystal_walls, old_standard_altar,
          kennysheep_little_box, gup_sewer_entry_glass, serial_shops, shop,
          uniq_menkaure, uniq_sigmund
